AoeStats
← Rafelso

Arabia

509940682Analyzed
1v1 RM · 5d ago on Sep 28, 2026· 34m 12s· 2 players
Game mode
Random Map
Map size
Tiny (2 player)
Population
200
Speed
Normal
Resources
Standard
Victory
Conquest
Starting age
Dark Age
Ending age
Imperial Age
RankedLock teamsTeams togetherTeam positionsShared explorationLock speedFull tech treeHidden civsTurbo modeCheats
Victory
Defeat
🇫🇷 Bengalis · France
1756
+20
🇨🇴 Burmese · Colombia
1842
-20
Rafelso
5:57 Loom
8:45 Feudal Age
9:22 Double-Bit Axe
14:44 Fletching
20:16 Castle Age
18:49 Padded Archer Armor
19:45 Horse Collar
20:31 Crossbowman
21:16 Bodkin Arrow
22:35 Bow Saw
24:26 Wheelbarrow
24:16 Town Watch
26:42 Heavy Plow
29:09 Redemption
30:08 Sanctity
31:42 Ballistics
31:43 Gold Mining
31:43 Stone Mining
34:10 Hand Cart
Parabox
5:59 Loom
9:34 Feudal Age
10:39 Horse Collar
16:24 Fletching
17:08 Padded Archer Armor
23:02 Castle Age
21:34 Gold Mining
22:31 Scale Barding Armor
22:59 Bloodlines
23:03 Elite Skirmisher
24:11 Chain Barding Armor
29:27 Husbandry
29:54 Devotion
30:23 Heavy Plow
Connection lost

Rejoining the realm…

Still unreachable

The connection could not be restored.

Session expired

The server has moved on; the page needs a fresh start.